 Dungeon Crawl Stone Soup version 0.30-a0-1160-g6e42c06551 (webtiles) character file.

Game seed: 8493645235787835245

205 bobo the Chopper (level 5, -3/48 HPs)
             Began as a Hill Orc Monk on Apr 25, 2023.
             Was a Believer of Dithmenos.
             Slain by a mummy (13 damage)
             ... in an ossuary on Apr 26, 2023.
             The game lasted 00:09:48 (2261 turns).

bobo the Chopper (Hill Orc Monk)                    Turns: 2261, Time: 00:09:48

Health: -3/48      AC: 10    Str: 22    XL:     5   Next: 83%
Magic:  5/5        EV:  9    Int: 10    God:    Dithmenos [**....]
Gold:   114        SH:  0    Dex: 13    Spells: 3/4 levels left

rFire   . . .        a - +0 hand axe
rCold   . . .        (no shield)
rNeg    . . .        e - +0 chain mail
rPois   .            (no helmet)
rElec   .            (no cloak)
rCorr   .            f - +0 pair of gloves
SInv    .            (no boots)
Will    .....        (no amulet) Stlth
                     g - +6 ring of strength
HPRegen 0.28/turn    (no ring)
MPRegen 0.09/turn

%: no passive effects
@: wreathed by umbra
A: no striking features
a: Renounce Religion, Shadow Step


You were in an ossuary.
You worshipped Dithmenos.
Dithmenos was pleased with you.
You visited 1 branch of the dungeon, and saw 4 of its levels.
You also visited: Ossuary.

You collected 180 gold pieces.
You spent 66 gold pieces at shops.

Inventory:

Hand Weapons
 a - a +0 hand axe (weapon)
Armour
 d - an orb of light
 e - a +0 chain mail (worn)
 f - a +0 pair of gloves (worn)
Jewellery
 g - a +6 ring of strength (left hand)
Wands
 o - a wand of mindburst (13)
Scrolls
 j - a scroll of fog
 l - 3 scrolls of teleportation
 p - a scroll of immolation {unknown}
Potions
 b - 4 potions of heal wounds
 c - a potion of ambrosia
 h - 3 potions of mutation
 i - 2 potions of brilliance
 k - a potion of curing
 n - a potion of magic


   Skills:
 + Level 5.4 Fighting
 + Level 6.0 Axes
 + Level 2.5 Armour
 - Level 2.4 Dodging
 + Level 0.7 Invocations


You had 3 spell levels left.
You knew the following spells:

 Your Spells              Type           Power      Damage    Failure   Level
a - Freeze                Ice            0%         1d3       95%         1

Your spell library contained the following spells:

 Spells                   Type           Power      Damage    Failure   Level
 Shock                    Conj/Air       0%         1d3       95%         1
 Cigotuvi's Dreadful Rot  Necr/Pois/Air  0%         N/A       98%         2
 Ensorcelled Hibernation  Hex/Ice        0%         N/A       98%         2
 Frozen Ramparts          Ice            0%         1d1       100%        3
 Hailstorm                Conj/Ice       0%         3d3       100%        3
 Ignite Poison            Fire/Tmut/Pois 0%         N/A       100%        3
 Ozocubu's Armour         Ice            0%         N/A       100%        3
 Spider Form              Tmut/Pois      0%         N/A       100%        3
 Swiftness                Air            0%         N/A       100%        3
 Airstrike                Air            0%         2d(0-16)  100%        4
 Anguish                  Hex/Necr       0%         N/A       100%        4
 Ice Form                 Ice/Tmut       0%         N/A       100%        4
 Summon Ice Beast         Ice/Summ       0%         N/A       100%        4
 Summon Lightning Spire   Summ/Air       0%         N/A       100%        4
 Freezing Cloud           Conj/Ice/Air   0%         6-21      100%        5
 Ozocubu's Refrigeration  Ice            0%         4d7       100%        7
 Storm Form               Tmut/Air       0%         N/A       100%        7
 Maxwell's Capacitive Co  Air            0%         ∞         100%        8


Dungeon Overview and Level Annotations

Branches:
Dungeon (4/15)             Temple (0/1) D:4         Ossuary (1/1)

Altars:
Dithmenos
Ru

Shops:
D:2 (?!


Message History

There is a sand-covered staircase here.
The world spins around you as you enter the gateway.
You enter an ossuary!
Found a gate leading back out of this place.
There is an empty arch of ancient stone here.
You hit the mummy.
The mummy is moderately damaged.
You hit the mummy. x2
You slash the mummy!
The mummy is severely damaged.
You hit the mummy but do no damage. You hit the mummy.
The mummy barely misses you. x2; The mummy misses you.
You barely miss the mummy.
The mummy is severely damaged.
You barely miss the mummy. You hit the mummy. The mummy closely misses you.
The mummy hits you but does no damage. The mummy barely misses you.
You hit the mummy.
The mummy is almost destroyed.
You hit the mummy. x2
You completely miss the mummy.
The mummy is almost destroyed.
You hit the mummy. x2; The mummy hits you! x2; The mummy barely misses you.
You hit the mummy.
The mummy is almost destroyed.
You hit the mummy. x2
You slash the mummy!
You destroy the mummy!
Dithmenos accepts your kill.
You barely miss the mummy. You hit the mummy but do no damage.
The mummy hits you! The mummy misses you.
Your Axes skill increases to level 6!
The mummy hits you but does no damage. The mummy hits you!
* * * LOW HITPOINT WARNING * * *
You barely miss the mummy. You punch the mummy.
The mummy is heavily damaged.
You barely miss the mummy. You completely miss the mummy.
The mummy is heavily damaged.
You hit the mummy. The mummy closely misses you. The mummy hits you!
You die...

####
######..#
#.....M##
+.∩.∩.@.#
#.....M##
######..#
####


You could see 2 mummies.

Vanquished Creatures
  A scorpion zombie (D:3)
  A hound skeleton (D:3)
  A mummy (Ossuary)
  3 gnolls (D:3)
  4 adders
  2 adder skeletons (D:3)
  2 worms
  2 dart slugs (D:1)
  An orc (D:3)
  6 ball pythons
  8 endoplasms
  3 giant cockroaches
  4 goblins
  3 hobgoblins (D:1)
  11 jackals
  2 quokkas (D:3)
  A bat (D:1)
  6 frilled lizards
  5 kobolds (D:1)
  2 quokka skeletons (D:3)
  5 rats
73 creatures vanquished.

Vanquished Creatures (others)
  A bush (D:3)
1 creature vanquished.

Grand Total: 74 creatures vanquished

Notes
Turn   | Place    | Note
-------+----------+-------------------------------------------
     0 | D:1      | bobo the Hill Orc Monk began the quest for the Orb.
     0 | D:1      | Reached XP level 1. HP: 19/19 MP: 1/1
    61 | D:1      | Reached XP level 2. HP: 25/27 MP: 2/2
   294 | D:1      | Reached XP level 3. HP: 30/34 MP: 3/3
   644 | D:2      | Reached skill level 5 in Axes
   747 | D:2      | Found a sacrificial altar of Ru.
   808 | D:2      | Found Siprupn's Distillery.
   812 | D:2      | Bought a potion of heal wounds for 55 gold pieces
   812 | D:2      | Bought a potion of degeneration for 11 gold pieces
   880 | D:2      | Learned a level 1 spell: Freeze
   887 | D:2      | Found Byfyahosit's Magic Scroll Boutique.
  1003 | D:2      | Reached skill level 1 in Armour
  1003 | D:2      | Reached XP level 4. HP: 39/41 MP: 4/4
  1081 | D:2      | Identified the +1 robe "Utyps" {rPois rC+}
  1147 | D:2      | Found Paculas's Weapon Shoppe.
  1370 | D:3      | Reached skill level 5 in Fighting
  1416 | D:3      | Reached XP level 5. HP: 33/48 MP: 5/5
  1659 | D:3      | Found a shadowy altar of Dithmenos.
  1666 | D:3      | Became a worshipper of Dithmenos the Shadowed
  1666 | D:3      | Reached * piety under Dithmenos
  1666 | D:3      | Reached ** piety under Dithmenos
  2242 | D:4      | Found a sand-covered staircase.
  2249 | Ossuary  | Entered an ossuary
  2259 | Ossuary  | Reached skill level 6 in Axes
  2261 | Ossuary  | Slain by a mummy

Illustrated notes

Levels and vault maps discovered:
D:1:      amcnicky_arrival_double_pillar, layout_rooms, minmay_tiny_reverse_x
D:2:      layout_loops_cross, basic_altar, serial_shops, shop,
          nicolae_shop_back_alley_shop, nicolae_shop_tiny_glass
D:3:      layout_basic, lemuel_round_altar, serial_undead, serial_undead_b,
          serial_undead_a, serial_undead_e, serial_undead_c,
          nicolae_kite_square_tiling_tiny, minmay_hedge_maze, st_stairs_3
D:4:      cheibrodos_thug_alley, layout_basic, nicolae_overflow_squiral,
          minmay_temple_entry_statues_fountains, nicolae_ossuary_entry_ruins,
          minmay_manual_mail
Ossuary:  ossuary_minmay_chase

Skill      XL: |  1  2  3  4  5 |
---------------+----------------+-----
Fighting       | 4 5 |  5.4
Axes           | 5 6 |  6.0
Armour         | 1 2 |  2.5
Dodging        | |  2.4
Invocations    | |  0.7

Action                     |  1- 3 |  4- 6 || total
---------------------------+-------+-------++-------
  Melee: Hand axe          |    87 |   113 ||   200
         Punch             |       |     1 ||     1
    Use: Scroll            |       |     8 ||     8
 Armour: Robe              |    15 |       ||    15
         Scale mail        |     7 |    19 ||    26
         Chain mail        |       |    28 ||    28
  Dodge: Dodged            |    46 |    58 ||   104

Table legend: (Time is in decaauts)
 A = Elapsed time spent in this place.
 B = Non-inter-level travel time spent in this place.
 C = Inter-level travel time spent in this place.
 D = Time resting spent in this place.
 E = Time spent auto-exploring this place.
 F = Levels seen in this place.
 G = Mean time per level.
                   A        B        C        D        E       F      G
               +--------+--------+--------+--------+--------+-----+--------+
         Total |   2275 |   2194 |     81 |     30 |   1541 |   5 |  455.0 |
       Dungeon |   2263 |   2182 |     81 |     30 |   1541 |   4 |  565.8 |
       Ossuary |     11 |     11 |      0 |      0 |      0 |   1 |   11.0 |
               +--------+--------+--------+--------+--------+-----+--------+

Top non-repeatable levels by time:
     D:3: 978 daAuts
     D:1: 635 daAuts
     D:2: 626 daAuts
     D:4: 23 daAuts
 Ossuary: 11 daAuts
